 Dungeon Crawl Stone Soup version 0.20.1-1-g8b1a95d (webtiles) character file.

46 smedtjen the Skirmisher (level 3, -1/29 HPs)
             Began as a Demonspawn Abyssal Knight on Nov 8, 2017.
             Was a Follower of Lugonu.
             Slain by an iron imp (6 damage)
             ... summoned by Natasha
             ... on level 2 of the Dungeon.
             The game lasted 00:07:04 (1107 turns).

smedtjen the Skirmisher (Demonspawn Abyssal Knight) Turns: 1107, Time: 00:07:05

Health: -1/29      AC: 12    Str: 13    XL:     3   Next: 44%
Magic:  4/4        EV: 11    Int: 13    God:    Lugonu [*.....]
Gold:   139        SH:  0    Dex: 12    Spells: 2/2 levels left

rFire    . . .     SeeInvis .   a - +1 spear
rCold    . . .     Gourm    .   (no shield)
rNeg     . . .     Faith    .   f - +1 leather armour
rPois    .         Spirit   .   l - +2 helmet
rElec    .         Reflect  .   (no cloak)
rCorr    .         Harm     .   (no gloves)
MR       .....                  k - +0 pair of boots
Stlth    +.........             (no amulet)
Regen    0.1/turn               m - ring of wizardry
MPRegen  0.1/turn               (no ring)

@: no status effects
A: iridescent scales 2
a: Depart the Abyss, Renounce Religion


You were on level 2 of the Dungeon.
You worshipped Lugonu.
Lugonu was aware of your devotion.
You were not hungry.

You visited 1 branch of the dungeon, and saw 2 of its levels.
You visited the Abyss 1 time.

You collected 139 gold pieces.

Inventory:

Hand Weapons
 a - a +1 spear (weapon)
 b - a +0 hunting sling
 o - a +0 spear
Armour
 f - a +1 leather armour (worn)
 k - a +0 pair of boots (worn)
 l - a +2 helmet (worn)
Jewellery
 m - a ring of wizardry (left hand)
Scrolls
 p - a scroll of identify
Potions
 d - a potion of berserk rage
 e - 2 potions of agility {unknown}
 i - a potion of heal wounds {unknown}
 j - a potion of lignification {unknown}
 n - a potion of curing {unknown}
Comestibles
 c - a bread ration
 g - a chunk of flesh
 h - a royal jelly


   Skills:
 + Level 3.5 Fighting
 + Level 2.6 Polearms
 + Level 2.0 Armour
 + Level 1.0 Dodging
 + Level 0.2 Stealth
 + Level 2.6 Invocations


You had 2 spell levels left.
You didn't know any spells.

Dungeon Overview and Level Annotations

Branches:
Dungeon (2/15)

Altars:

Annotations:
D:2 Natasha


Innate Abilities, Weirdness & Mutations

You are mostly covered in iridescent scales. (AC +4)


Message History

The hobgoblin hits you but does no damage.
Natasha misses you.
You barely miss Natasha.
Natasha is moderately wounded.
The iron imp hits you! The hobgoblin closely misses you.
Natasha mumbles some strange words.
You are too injured to fight recklessly!
You are too injured to fight recklessly!
You are too injured to fight recklessly!
You hit the hobgoblin.
You kill the hobgoblin!
Lugonu accepts your kill. The iron imp misses you.
Natasha howls an incantation.
Natasha's front paws start to glow.
Natasha closely misses you. The crimson imp barely misses you.
Natasha claws you!
* * * LOW HITPOINT WARNING * * *
The iron imp hits you.
You die...

### .. #.
####.### #.......
##.....######.
##..(...(......
#.....5@h#..#
...#........#
...#..#5....#
.........#..##
.#.[...#.#...#
#...........#
#...........####
###.#.#..##....#
##.......##.#.###


You could see an iron imp, Natasha and a crimson imp.

Vanquished Creatures
  A gnoll (D:1)
  A dart slug (D:2)
  3 leopard geckos
  2 giant cockroaches
  10 goblins
  A hobgoblin (D:2)
  A jackal (D:1)
  4 bats
  4 frilled lizards
  A kobold (D:1)
  2 rats (D:2)
30 creatures vanquished.

Notes
Turn   | Place    | Note
-------+----------+-------------------------------------------
     0 | Abyss:1  | smedtjen the Demonspawn Abyssal Knight began the quest for the Orb.
     0 | Abyss:1  | Reached XP level 1. HP: 18/18 MP: 2/2
    38 | Abyss:1  | Noticed a wretched star
    38 | D:1      | Escaped the Abyss
   136 | D:1      | Gained mutation: You are partially covered in iridescent scales. (AC +2) [demonic ancestry]
   136 | D:1      | Reached XP level 2. HP: 12/24 MP: 3/3
   646 | D:1      | Reached * piety under Lugonu
   928 | D:2      | Gained mutation: You are mostly covered in iridescent scales. (AC +4) [demonic ancestry]
   928 | D:2      | Reached XP level 3. HP: 28/29 MP: 4/4
  1075 | D:2      | Reached skill level 1 in Dodging
  1096 | D:2      | Noticed Natasha
  1107 | D:2      | Slain by an iron imp

Skill      XL: |  1  2  3 |
---------------+----------+-----
Polearms       | 2 |  2.6
Armour         | 2 |  2.0
Dodging        | 1 |  1.0
Fighting       | |  3.5
Stealth        | |  0.2
Invocations    | |  2.6

Action                   || total
-------------------------++-------
Melee: Spear             ||   101
Invok: Depart the Abyss  ||     1
  Use: Scroll            ||     5
 Stab: Sleeping          ||     1
  Eat: Chunk             ||     1
Armor: Leather armour    ||    22
Dodge: Dodged            ||    52
